 Dungeon Crawl Stone Soup version 0.31-a0-233-g139696dc86 (webtiles) character file.

Game seed: 14068885780085608046

350 qw the Shooter (level 6, 0/52 HPs)
             Began as a Minotaur Hexslinger on July 9, 2023.
             Succumbed to an orc wizard's poison
             ... on level 3 of the Dungeon.
             The game lasted 00:01:11 (2574 turns).

qw the Shooter (Minotaur Hexslinger)                Turns: 2574, Time: 00:01:12

Health: 0/52       AC:  5    Str: 12    XL:     6   Next: 34%
Magic:  6/6        EV: 11    Int: 10    God:
Gold:   108        SH:  0    Dex: 15    Spells: 6/7 levels left

rFire   . . .        Y - +1 sling
rCold   . . .        (no shield)
rNeg    . . .        h - +0 ring mail
rPois   +            (helmet restricted)
rElec   .            (no cloak)
rCorr   .            (no gloves)
SInv    .            (no boots)
Will    .....        (no amulet)
Stlth   +            e - ring of poison resistance
HPRegen 0.28/turn    (no ring)
MPRegen 0.10/turn

%: no passive effects
@: lethally poisoned (0 -> -5)
A: horns 2, retaliatory headbutt, mutation resistance 1
a: no special abilities


You were on level 3 of the Dungeon.
You visited 1 branch of the dungeon, and saw 4 of its levels.

You collected 108 gold pieces.


Innate Abilities, Weirdness & Mutations

You have a pair of horns on your head.
You reflexively headbutt those who attack you in melee.
You are somewhat resistant to further mutation.


   Skills:
 + Level 3.8 Fighting
 - Level 6.4 Ranged Weapons
 - Level 1.3 Armour
 - Level 2.1 Dodging
 - Level 1.0 Spellcasting
 - Level 2.0 Hexes


You had 6 spell levels left.
You knew the following spells:

 Your Spells              Type           Power      Damage    Failure   Level
a - Slow                  Hex            16%        N/A       32%         1

Your spell library contained the following spells:

 Spells                   Type           Power      Damage    Failure   Level
 Inner Flame              Hex/Fire       2%         N/A       83%         3
 Portal Projectile        Hex/Tloc       4%         N/A       83%         3
 Cause Fear               Hex            2%         N/A       97%         4

Inventory:

Hand Weapons
 Y - a +1 sling (weapon)
Armour
 h - a +0 ring mail (worn)
Jewellery
 e - a ring of poison resistance (left hand)
Scrolls
 c - a scroll of identify
Potions
 d - 2 potions of mutation

Dungeon Overview and Level Annotations

Branches:
Dungeon (4/15)
 Temple: D:4-7

Altars:
Elyvilon
Zin
The Shining One


Message History

You feel sick. Something hits you but does no damage.
Deactivating autopickup; reactivate with Ctrl-A.
Autopickup is now on.
You start resting.
You feel sick. Something hits you but does no damage.
Deactivating autopickup; reactivate with Ctrl-A.
Autopickup is now on.
You start resting.
You feel sick. Something hits you but does no damage.
Deactivating autopickup; reactivate with Ctrl-A.
Autopickup is now on.
You start resting.
You feel sick. Something hits you.
Deactivating autopickup; reactivate with Ctrl-A.
You shoot a sling bullet.
You feel sick.
You hear some strange, mumbled words.
A puff of flame appears from out of thin air!
The puff of flame hits you!
You shoot a sling bullet.
You feel sick. Something hits you.
You shoot a sling bullet.
You feel sick. Something hits you.
You shoot a sling bullet.
You feel sick.
You are no longer poisoned.
Something hits you.
You are lethally poisoned!
Something hits you but does no damage.
You shoot a sling bullet.
You feel very sick.
You hear some strange, mumbled words.
A magic dart appears from out of thin air!
The magic dart hits you.
You shoot a sling bullet.
Reactivating autopickup.
You feel a bit more experienced.
You feel sick.
There is a lethal amount of poison in your body!
You die...

### #.. ####### #.#
####.....######### #.#
...............)@# #.#
####.#.........#)########## #.#
#.#.#.#####............# #)# #
#.#.#.#................# #.# #
#.#.#.)..#.............# #.# #
#.#.###..<.............# #.# ##
#.#.# #..#.#......)....# #.# .#
#.#.# #................# #.#
.###.#.###....#...........#####.#


There were no monsters in sight!

Vanquished Creatures
  2 phantoms (D:3)
  2 orc priests (D:3)
  An orc wizard (D:3)
  4 adders
  3 worms (D:2)
  A dart slug (D:3)
  3 orcs (D:3)
  9 ball pythons
  4 endoplasms
  5 giant cockroaches
  11 goblins
  A hobgoblin (D:1)
  5 jackals (D:2)
  3 kobolds (D:2)
  A quokka (D:2)
  7 bats
  11 rats
73 creatures vanquished.

Notes
Turn   | Place    | Note
-------+----------+-------------------------------------------
     0 | D:1      | qw the Minotaur Hexslinger began the quest for the Orb.
     0 | D:1      | Reached XP level 1. HP: 16/16 MP: 1/1
     0 | D:1      | 0 ||| qw: Version: 0.3-a-51-g015441d
     0 | D:1      | 0 ||| qw: Game counter: 3843
     0 | D:1      | 0 ||| qw: Melee chars always use a shield: true
     0 | D:1      | 0 ||| qw: God list: Okawaru
     0 | D:1      | 0 ||| qw: Allow faded altars: false
     0 | D:1      | 0 ||| qw: Do Orc after clearing Dungeon:15 true
     0 | D:1      | 0 ||| qw: Do second Lair branch before Depths: true
     0 | D:1      | 0 ||| qw: Lair rune preference: random
     0 | D:1      | 0 ||| qw: Goals: Normal
     0 | D:1      | 0 ||| PLANNING D:1-11
    78 | D:1      | Reached skill level 3 in Ranged Weapons
    78 | D:1      | Reached XP level 2. HP: 14/23 MP: 2/2
   566 | D:1      | 566 ||| UPGRADING to +0 ring mail.
   576 | D:1      | 576 ||| DROPPING +0 robe.
   577 | D:1      | 577 ||| UPGRADING to ring of poison resistance.
   578 | D:1      | 578 ||| DROPPING ring of flight.
   579 | D:1      | 579 ||| READING scroll labelled TAKIGIR IWIUN.
   582 | D:1      | 582 ||| DROPPING scroll of poison.
   694 | D:2      | Reached XP level 3. HP: 29/29 MP: 3/3
   863 | D:2      | Reached skill level 4 in Ranged Weapons
   898 | D:2      | Reached skill level 1 in Armour
  1015 | D:2      | Reached XP level 4. HP: 36/36 MP: 4/4
  1358 | D:2      | 1358 ||| READING scroll labelled EWIKETZ ETRUI.
  1359 | D:2      | 1359 ||| READING scroll labelled ORICHU QIKYDWE.
  1360 | D:2      | 1360 ||| READING 3 scrolls labelled OHAJ ASISCHI.
  1361 | D:2      | 1361 ||| READING scroll labelled PIMNID ITREURPH.
  1362 | D:2      | 1362 ||| DRINKING 2 pink potions.
  1362 | D:2      | Gained mutation: You are somewhat resistant to further
                  | mutation. [potion of mutation]
  1363 | D:2      | 1363 ||| READING 2 scrolls of identify.
  1363 | D:2      | 1363 ||| IDENTIFYING cyan potion
  1364 | D:2      | 1364 ||| DROPPING potion of berserk rage.
  1533 | D:3      | Noticed a phantom
  1548 | D:3      | Killed a phantom
  1549 | D:3      | Reached skill level 5 in Ranged Weapons
  1549 | D:3      | Reached XP level 5. HP: 27/41 MP: 5/5
  1561 | D:3      | 1561 ||| FLEEEEING.
  1562 | D:3      | 1562 ||| FLEEEEING.
  1563 | D:3      | 1563 ||| FLEEEEING.
  1564 | D:3      | 1564 ||| FLEEEEING.
  1565 | D:3      | 1565 ||| FLEEEEING.
  1566 | D:3      | 1566 ||| FLEEEEING.
  1568 | D:3      | 1568 ||| FLEEEEING.
  1569 | D:3      | 1569 ||| FLEEEEING.
  1572 | D:3      | 1572 ||| FLEEEEING.
  1573 | D:3      | 1573 ||| FLEEEEING.
  1574 | D:3      | 1574 ||| FLEEEEING.
  1575 | D:3      | 1575 ||| FLEEEEING.
  1578 | D:3      | 1578 ||| FLEEEEING.
  1579 | D:3      | 1579 ||| FLEEEEING.
  1580 | D:3      | 1580 ||| FLEEEEING.
  1581 | D:3      | 1581 ||| FLEEEEING.
  1582 | D:3      | 1582 ||| FLEEEEING.
  1583 | D:3      | 1583 ||| FLEEEEING.
  1584 | D:3      | 1584 ||| FLEEEEING.
  1585 | D:3      | 1585 ||| FLEEEEING.
  1586 | D:3      | 1586 ||| FLEEEEING.
  1762 | D:3      | 1762 ||| FLEEEEING.
  1763 | D:3      | 1763 ||| FLEEEEING.
  1764 | D:3      | 1764 ||| FLEEEEING.
  1768 | D:3      | 1768 ||| FLEEEEING.
  1769 | D:3      | 1769 ||| FLEEEEING.
  1770 | D:3      | 1770 ||| FLEEEEING.
  1771 | D:3      | 1771 ||| FLEEEEING.
  1772 | D:3      | 1772 ||| FLEEEEING.
  1773 | D:3      | 1773 ||| FLEEEEING.
  1774 | D:3      | 1774 ||| FLEEEEING.
  1775 | D:3      | 1775 ||| FLEEEEING.
  1776 | D:3      | 1776 ||| FLEEEEING.
  1777 | D:3      | 1777 ||| FLEEEEING.
  1778 | D:3      | 1778 ||| FLEEEEING.
  1779 | D:3      | 1779 ||| FLEEEEING.
  1780 | D:3      | 1780 ||| FLEEEEING.
  1781 | D:3      | 1781 ||| FLEEEEING.
  1782 | D:3      | 1782 ||| FLEEEEING.
  1783 | D:3      | 1783 ||| FLEEEEING.
  1784 | D:3      | 1784 ||| FLEEEEING.
  1785 | D:3      | 1785 ||| FLEEEEING.
  1790 | D:3      | 1790 ||| FLEEEEING.
  1791 | D:3      | 1791 ||| FLEEEEING.
  1792 | D:3      | 1792 ||| FLEEEEING.
  1797 | D:3      | Reached skill level 3 in Fighting
  1833 | D:3      | Found a white marble altar of Elyvilon.
  1833 | D:3      | Found a glowing golden altar of the Shining One.
  1833 | D:3      | Found a glowing silver altar of Zin.
  2040 | D:3      | 2040 ||| DRINKING 2 bubbling inky potions.
  2041 | D:3      | 2041 ||| READING 2 scrolls of identify.
  2041 | D:3      | 2041 ||| IDENTIFYING blue potion
  2042 | D:3      | 2042 ||| DROPPING potion of attraction.
  2112 | D:3      | 2112 ||| STAIRDANCE
  2286 | D:4      | Noticed a phantom
  2288 | D:4      | 2288 ||| STAIRDANCE
  2316 | D:3      | HP: 10/45 [phantom (6)]
  2317 | D:3      | Killed a phantom
  2318 | D:3      | Reached skill level 6 in Ranged Weapons
  2318 | D:3      | Reached XP level 6. HP: 12/51 MP: 6/6
  2465 | D:4      | 2465 ||| STAIRDANCE
  2467 | D:4      | 2467 ||| STAIRDANCE
  2469 | D:3      | 2469 ||| DRINKING potion of curing.
  2469 | D:3      | 2469 ||| (to cure confusion)
  2518 | D:4      | 2518 ||| STAIRDANCE
  2560 | D:4      | 2560 ||| STAIRDANCE
  2569 | D:3      | HP: 12/51 [poisoned by an orc wizard]
  2572 | D:3      | HP: 3/51 [poisoned by an orc wizard]
  2573 | D:3      | HP: 1/51 [poisoned by an orc wizard]
  2574 | D:3      | Succumbed to an orc wizard's poison

Levels and vault maps discovered:
D:1:      dpeg_arrival_pond, layout_basic
D:2:      layout_loops_ring, minmay_tiny_reverse_x
D:3:      layout_basic, dreamdust_divine_triumvirate
D:4:      minmay_chambers_of_threes, layout_loops_ring,
          lemuel_zombie_altar_yredelemnul

Skill      XL: |  1  2  3  4  5 |
---------------+----------------+-----
Ranged Weapons | 3 4 5 6 |  6.4
Fighting       | 2 3 |  3.8
Armour         | 1 |  1.3
Dodging        | |  2.1
Spellcasting   | |  1.0
Hexes          | |  2.0

Action                     |  1- 3 |  4- 6 || total
---------------------------+-------+-------++-------
   Fire: Sling             |   112 |   142 ||   254
    Use: Scroll            |     1 |     6 ||     7
         Potion            |       |     3 ||     3
 Armour: Robe              |     6 |       ||     6
         Ring mail         |    11 |    38 ||    49
  Dodge: Dodged            |    30 |    58 ||    88

Table legend:
 A = Non-vault XP
 B = Vault XP
 C = Vault XP percentage of total XP
 D = Non-vault monster count
 E = Vault monster count
 F = Vault count percentage of total count
                 A         B        C        D         E       F
            +---------+---------+-------+---------+---------+-------
      Total |     485 |      16 |   3.2 |      71 |       2 |   2.7
            +---------+---------+-------+---------+---------+-------
        D:1 |      30 |       0 |   0.0 |      19 |       0 |   0.0
        D:2 |      70 |      16 |  18.6 |      29 |       2 |   6.5
        D:3 |     383 |       0 |   0.0 |      22 |       0 |   0.0
        D:4 |       2 |       0 |   0.0 |       1 |       0 |   0.0
            +---------+---------+-------+---------+---------+-------
